 Dungeon Crawl Stone Soup version 0.23.1 (webtiles) character file.

Game seed: 1934958150947273290

4511 Fang the Fighter (level 10, -2/65 HPs)
             Began as a Gargoyle Berserker on Mar 7, 2019.
             Was an Elder of Trog.
             Slain by Prince Ribbit (10 damage)
             ... on level 9 of the Dungeon.
             The game lasted 00:09:25 (7765 turns).

Fang the Fighter (Gargoyle Berserker)               Turns: 7765, Time: 00:09:26

Health: -2/65      AC: 23    Str: 24    XL:     10   Next: 39%
Magic:  10/10      EV:  9    Int:  8    God:    Trog [****..]
Gold:   700        SH:  0    Dex:  9    Spells: 9/9 levels left

rFire    + . .     SeeInvis .   u - +1 battleaxe
rCold    x . .     Gourm    .   (shield currently unavailable)
rNeg     + . .     Faith    .   r - +2 plate armour
rPois    ∞         Spirit   .   (no helmet)
rElec    +         Reflect  .   (no cloak)
rCorr    .         Harm     .   (no gloves)
MR       +....                  (no boots)
Stlth    ..........             A - amulet of magic regeneration
HPRegen  0.20/turn              z - ring of fire
MPRegen  0.37/turn              k - ring of protection from magic

@: berserk cooldown, slowed, studying Shields, very slow
A: negative energy resistance 1, electricity resistance, unbreathing,
petrification resistance, rot immunity, AC +7
a: Berserk, Trog's Hand, Brothers in Arms, Renounce Religion


You were on level 9 of the Dungeon.
You worshipped Trog.
Trog was greatly pleased with you.
You were near starving.

You visited 2 branches of the dungeon, and saw 9 of its levels.
You also visited: Ossuary.

You collected 700 gold pieces.

Inventory:

Hand Weapons
 s - a +1 war axe
 u - a +1 battleaxe (weapon)
Armour
 r - a +2 plate armour (worn)
Jewellery
 k - a ring of protection from magic (right hand)
 z - a ring of fire (left hand)
 A - an amulet of magic regeneration (around neck)
Wands
 o - a wand of flame (13)
Scrolls
 e - 5 scrolls of identify
 g - 9 scrolls of teleportation
 h - 4 scrolls of remove curse
 i - a scroll of magic mapping
 j - a scroll of fog
Potions
 a - 5 potions of curing
 b - a potion of lignification
 d - a potion of berserk rage
 f - a potion of mutation
 l - a potion of haste
 m - 3 potions of brilliance
 p - a potion of agility
 q - 2 potions of heal wounds
 v - 3 potions of flight
Books
 t - a manual of Shields
Comestibles
 c - 12 rations
 n - 4 chunks of flesh


   Skills:
 + Level 8.8 Fighting
 + Level 7.3 Axes
 + Level 8.5 Armour
 + Level 6.4 Dodging


You had 9 spell levels left.
You didn't know any spells.
Your spell library was empty.

Dungeon Overview and Level Annotations

Branches:
Dungeon (7/15)             Temple (1/1) D:4

Altars:
Cheibriados
Dithmenos
Nemelex Xobeh
Sif Muna
Vehumet

Shops:
D:4 *   D:6 *

Annotations:
D:9 Prince Ribbit


Innate Abilities, Weirdness & Mutations

You are resistant to torment.
Your stone body is resilient. (AC +7)
You are immune to poison.
You resist negative energy. (rN+)
You are resistant to electric shocks. (rElec)
You can survive without breathing.
You are immune to petrification.
You are immune to rotting.


Message History

You miss Prince Ribbit.
Prince Ribbit is severely wounded.
Prince Ribbit blinks!
Prince Ribbit sighs, "It's not easy being green!"
You swing at nothing.
Prince Ribbit hits you!
Your plate armour prevents you from hitting Prince Ribbit.
Prince Ribbit completely misses you.
Prince Ribbit blinks!
You swing at nothing.
Prince Ribbit hits you.
* * * LOW HITPOINT WARNING * * *
Prince Ribbit catches a mosquito with his tongue.
Prince Ribbit hits you.
* * * LOW HITPOINT WARNING * * *
You barely miss Prince Ribbit. Prince Ribbit hits you.
* * * LOW HITPOINT WARNING * * *
Prince Ribbit hits you.
* * * LOW HITPOINT WARNING * * *
Your plate armour prevents you from hitting Prince Ribbit.
Prince Ribbit hits you but does no damage.
Prince Ribbit hits you!
You die...

....... ..?#.........
........ #...........
.........
#.......................
......... .............
#...... ............
#..... ####........(..
##...F###.##...........
#....)@..)###..........
.......).((..#......##..#
.......#..#..............
.#............#.......##.
#..#..#.##...#.......##.
#####.##...#§<......###.
###...##.#.....## ##
##.....##...##
#>.#......##


You could see Prince Ribbit.

Vanquished Creatures
  Pikel (D:6)
  A troll (D:9)
  A hippogriff (D:9)
  Eustachio (D:5)
  Edmund (D:4)
  5 orc warriors
  A slave (D:6)
  2 sky beasts
  2 black bears (D:6)
  3 phantoms
  3 ogres
  5 centaurs
  A bullfrog (D:7)
  2 scorpions
  6 electric eels (D:6)
  A howler monkey (D:4)
  2 crimson imps
  3 bullfrog skeletons
  4 hounds
  3 jellies (D:6)
  A gnoll shaman (D:6)
  3 orc priests
  Terence (D:2)
  A centaur skeleton (D:9)
  2 iguanas
  9 orc wizards
  3 worker ants
  A hound skeleton (D:4)
  8 mummies (Ossuary)
  Robin (D:2)
  A howler monkey skeleton (D:5)
  9 adders
  4 gnolls (D:6)
  An adder zombie (D:7)
  2 adder skeletons
  3 worms
  5 dart slugs
  2 leopard geckos
  17 orcs
  4 giant cockroaches
  A gnoll zombie (Ossuary)
  13 goblins
  12 hobgoblins
  10 jackals
  7 kobolds
  5 quokkas
  8 bats
  8 frilled lizards
  3 hobgoblin zombies (Ossuary)
  3 kobold zombies (Ossuary)
  An orc zombie (Ossuary)
  6 rats
  A plant (D:6)
204 creatures vanquished.

Vanquished Creatures (others)
  A plant (D:6)
1 creature vanquished.

Grand Total: 205 creatures vanquished

Notes
Turn   | Place    | Note
-------+----------+-------------------------------------------
     0 | D:1      | Fang the Gargoyle Berserker began the quest for the Orb.
     0 | D:1      | Reached XP level 1. HP: 14/14 MP: 1/1
    59 | D:1      | Reached XP level 2. HP: 14/19 MP: 2/2
   591 | D:2      | Reached XP level 3. HP: 23/23 MP: 3/3
   593 | D:2      | Noticed Robin
   606 | D:2      | Reached ** piety under Trog
   609 | D:2      | Killed Robin
   609 | D:2      | Reached XP level 4. HP: 12/29 MP: 4/4
  1146 | D:2      | Noticed Terence
  1155 | D:2      | Killed Terence
  1155 | D:2      | Reached XP level 5. HP: 21/33 MP: 5/5
  1343 | D:2      | Found a radiant altar of Vehumet.
  2240 | D:3      | Found a sparkling altar of Nemelex Xobeh.
  2339 | D:4      | Noticed an orc warrior
  2356 | D:4      | Killed an orc warrior
  2356 | D:4      | Reached XP level 6. HP: 33/39 MP: 6/6
  2624 | D:4      | Reached *** piety under Trog
  2663 | D:4      | Reached skill level 5 in Fighting
  2670 | D:4      | Noticed Edmund
  2673 | D:4      | Reached XP level 7. HP: 31/44 MP: 7/7
  2721 | D:4      | Killed Edmund
  3401 | D:4      | Found a staircase to the Ecumenical Temple.
  3408 | Temple   | Entered the Ecumenical Temple
  3413 | D:4      | Found Mut Vuam's Assorted Antiques.
  3445 | D:4      | Reached skill level 5 in Armour
  3547 | D:4      | Found a snail-covered altar of Cheibriados.
  3568 | D:4      | Reached XP level 8. HP: 51/51 MP: 8/8
  3661 | D:5      | Entered Level 5 of the Dungeon
  3661 | D:5      | Noticed Eustachio
  3679 | D:5      | Killed Eustachio
  3679 | D:5      | Reached skill level 5 in Axes
  4332 | D:5      | Found a shadowy altar of Dithmenos.
  4554 | D:6      | Reached XP level 9. HP: 56/56 MP: 9/9
  4582 | D:6      | Found a sand-covered staircase.
  4592 | Ossuary  | Entered an ossuary
  4939 | D:6      | Reached skill level 5 in Dodging
  5165 | D:6      | Reached **** piety under Trog
  5590 | D:6      | Found Cosif's Assorted Antiques.
  5905 | D:6      | Noticed Pikel
  5918 | D:6      | Killed Pikel
  6853 | D:6      | Reached XP level 10. HP: 64/64 MP: 10/10
  6882 | D:6      | Found a deep blue altar of Sif Muna.
  7701 | D:7      | You fall through a shaft for 2 floors!
  7731 | D:9      | Noticed Prince Ribbit
  7765 | D:9      | Slain by Prince Ribbit

Skill      XL: |  1  2  3  4  5  6  7  8  9 10 |
---------------+-------------------------------+-----
Axes           | 3 4 5 6 7 |  7.3
Dodging        | 2 3 4 5 6 |  6.4
Armour         | 3 4 5 6 7 8 |  8.5
Fighting       | 4 5 6 8 |  8.8

Action                   |  1- 3 |  4- 6 |  7- 9 | 10-12 || total
-------------------------+-------+-------+-------+-------++-------
Melee: Hand axe          |    72 |   101 |       |       ||   173
       War axe           |       |    67 |       |       ||    67
       Battleaxe         |       |     3 |   426 |    94 ||   523
Invok: Berserk           |     1 |     4 |     8 |     2 ||    15
       Trog's Hand       |       |       |     3 |       ||     3
Evoke: Wand              |       |       |       |     3 ||     3
  Use: Scroll            |       |       |     5 |    16 ||    21
       Potion            |       |       |       |     1 ||     1
 Stab: Sleeping          |     1 |       |       |       ||     1
  Eat: Chunk             |       |    11 |    17 |     3 ||    31
       Ration            |       |       |     2 |       ||     2
Armor: Animal skin       |    41 |    33 |       |       ||    74
       Plate armour      |       |    65 |   441 |   122 ||   628
Dodge: Dodged            |    47 |   100 |   268 |    82 ||   497
